 Dungeon Crawl Stone Soup version 0.24-a0-292-g5c6fb1c (webtiles) character file.

Game seed: 13318767701879213977

96 theanonym the Chopper (level 4, -10/41 HPs)
             Began as a Minotaur Chaos Knight on May 10, 2019.
             Was a Plaything of Xom.
             Killed by the capriciousness of Xom (30 damage)
             ... on level 2 of the Dungeon.
             The game lasted 00:02:48 (1659 turns).

theanonym the Chopper (Minotaur Chaos Knight)       Turns: 1659, Time: 00:02:49

Health: -10/41     AC:  5    Str: 18    XL:     4   Next: 41%
Magic:  3/3        EV:  9    Int:  7    God:    Xom [*.....]
Gold:   52         SH:  0    Dex:  9    Spells: 3/3 levels left

rFire    . . .     SeeInvis .   a - +0 hand axe (chaos)
rCold    . . .     Gourm    .   (no shield)
rNeg     . . .     Faith    .   k - +0 scale mail
rPois    .         Spirit   .   (helmet restricted)
rElec    .         Reflect  .   (no cloak)
rCorr    .         Harm     .   (no gloves)
MR       .....                  g - +1 pair of boots
Stlth    ..........             (no amulet)
HPRegen  0.13/turn              (no ring)
MPRegen  0.08/turn              (no ring)

@: no status effects
A: retaliatory headbutt, horns 2, deformed body, deterioration 1, dopey 1,
screaming 1
a: Renounce Religion


Innate Abilities, Weirdness & Mutations

You reflexively headbutt those who attack you in melee.
You have a pair of horns on your head.
Armour fits poorly on your strangely shaped body.
Your body sometimes deteriorates upon taking damage.
You are dopey. (Int -2)
You occasionally shout uncontrollably at your foes.


   Skills:
 + Level 4.6 Fighting
 * Level 5.6 Axes
 - Level 2.4 Armour
 - Level 1.1 Dodging


You had 3 spell levels left.
You didn't know any spells.
Your spell library was empty.

Skill      XL: |  1  2  3 |
---------------+----------+-----
Axes           | 4 5 |  5.6
Fighting       | 4 |  4.6
Armour         | |  2.4
Dodging        | |  1.1

Action                   |  1- 3 |  4- 6 || total
-------------------------+-------+-------++-------
Melee: Hand axe          |    70 |    38 ||   108
       Headbutt          |     6 |     6 ||    12
  Use: Scroll            |     5 |     1 ||     6
       Potion            |       |     1 ||     1
  Eat: Ration            |       |     1 ||     1
Armor: Leather armour    |     3 |       ||     3
       Ring mail         |     8 |       ||     8
       Scale mail        |    20 |    18 ||    38
Dodge: Dodged            |    33 |    14 ||    47

Inventory:

Hand Weapons
 a - a +0 hand axe of chaos (weapon)
Armour
 b - a +2 leather armour
 f - a +0 ring mail
 g - a +1 pair of boots (worn)
 k - a +0 scale mail (worn)
Wands
 h - a wand of enslavement (7)
Scrolls
 y - a scroll of magic mapping
Potions
 c - 3 potions of heal wounds {unknown}
 d - a potion of flight {unknown}
 w - a potion of curing
Comestibles
 e - 4 rations
 i - 5 chunks of flesh


You were on level 2 of the Dungeon.
You worshipped Xom.
You were a BORING thing.
You were not hungry.

You visited 1 branch of the dungeon, and saw 2 of its levels.

You collected 52 gold pieces.

Dungeon Overview and Level Annotations

Branches:
Dungeon (2/15)

Altars:
Ashenzari
Wu Jian

*,,,,*#...*..#* **...##..≈≈
****,,,...,..####....##..≈≈
****##.#.......#)###..≈≈
#...†........**#..#≈
#...#.####.,,,,,.,#≈
######$#.#.#*,,,***,,*.#≈
*#......$.#.#*,#*,,,,,,..≈
*...........##.##,*****...
*.#.#####@#......,* *#..
*,.,* #...##..#** #.# *****
#.##...## #.#
########....### #.≈
#.........#############.≈
#.......)........÷......≈
#<....#################≈≈
#.....# ##≈≈ ####### #≈≈≈


There were no monsters in sight!

Notes
Turn   | Place    | Note
-------+----------+-------------------------------------------
     0 | D:1      | theanonym the Minotaur Chaos Knight began the quest for the
                  | Orb.
     0 | D:1      | Reached XP level 1. HP: 19/19 MP: 0/0
    72 | D:1      | Reached skill level 4 in Axes
   185 | D:1      | Reached XP level 2. HP: 27/27 MP: 1/1
   356 | D:1      | Reached skill level 4 in Fighting
   731 | D:2      | Found an ornate altar of the Wu Jian Council.
   745 | D:2      | Reached XP level 3. HP: 32/33 MP: 2/2
   781 | D:2      | XOM: harmless Conj miscast
   785 | D:2      | Reached skill level 5 in Axes
   873 | D:2      | HP: 13/34 [something (8)]
   875 | D:2      | HP: 5/34 [something (4)]
  1070 | D:1      | XOM: god gift: puce potion {god gift}
  1186 | D:2      | Found a shattered altar of Ashenzari.
  1214 | D:2      | XOM: summons 1 hostile demon
  1219 | D:2      | HP: 15/34 [iron imp[Xom] (9)]
  1224 | D:2      | HP: 13/34 [poisoned by an adder]
  1232 | D:2      | HP: 12/34 [poisoned by an adder]
  1237 | D:2      | Reached XP level 4. HP: 12/41 MP: 3/3
  1237 | D:2      | HP: 12/41 [poisoned by an adder]
  1589 | D:2      | XOM: polymorph leopard gecko -> gnoll
  1601 | D:2      | HP: 18/41 [adder (3)]
  1608 | D:2      | HP: 16/41 [poisoned by an adder]
  1610 | D:2      | XOM: give mutations
  1610 | D:2      | Gained mutation: Your body sometimes deteriorates upon
                  | taking damage. [Xom's mischief]
  1610 | D:2      | Gained mutation: You occasionally shout uncontrollably at
                  | your foes. [Xom's mischief]
  1610 | D:2      | Gained mutation: Armour fits poorly on your strangely
                  | shaped body. [Xom's mischief]
  1610 | D:2      | Gained mutation: You are dopey. (Int -2) [Xom's mischief]
  1616 | D:2      | HP: 15/41 [poisoned by an adder]
  1659 | D:2      | XOM is BORED!
  1659 | D:2      | XOM: medium Tloc miscast
  1659 | D:2      | Killed by the capriciousness of Xom

Vanquished Creatures
  A gnoll (D:2)
  3 adders (D:2)
  3 worms (D:2)
  2 dart slugs
  2 leopard geckos (D:1)
  3 ball pythons
  5 bats
  2 giant cockroaches
  4 goblins
  2 hobgoblins
  4 jackals (D:2)
  2 kobolds
  A quokka (D:2)
  6 frilled lizards
  8 rats
  A plant (D:2)
49 creatures vanquished.

Table legend:
 A = Turns spent in this place as a percentage of turns spent in the entire game.
 B = Non-inter-level travel turns spent in this place as a percentage of non-inter-level travel turns spent in the entire game.
 C = Inter-level travel turns spent in this place as a percentage of turns spent in this place.
 D = Turns resting spent in this place as a percentage of non-inter-level travel turns spent in this place.
 E = Turns spent auto-exploring this place as a percentage of non-inter-level travel turns spent in this place.
 F = Non-inter-level travel turns spent in this place divided by the number of levels of this place that you've seen.
                   A       B       C       D       E      F
               +-------+-------+-------+-------+-------+----------------------
         Total | 100.0 | 100.0 |   4.7 |  31.3 |  48.6 | 790.5
       Dungeon | 100.0 | 100.0 |   4.7 |  31.3 |  48.6 | 790.5
               +-------+-------+-------+-------+-------+----------------------
